 Dungeon Crawl Stone Soup version 0.29-a0-451-gfbfa42419e (webtiles) character file.

Game seed: 4872332630950054233

22281 frimble the Thaumaturge (level 12, -1/95 HPs)
             Began as a Gnoll Warper on May 20, 2022.
             Was a High Priest of Cheibriados.
             Slain by a swamp worm (9 damage)
             ... in a Gauntlet.
             The game lasted 00:28:01 (19902 turns).

frimble the Thaumaturge (Gnoll Warper)             Turns: 19902, Time: 00:28:01

Health: -1/95      AC: 18    Str: 24    XL:     12   Next: 98%
Magic:  16/25      EV: 20    Int: 32    God:    Cheibriados [*****.]
Gold:   769        SH:  0    Dex: 26    Spells: 13/29 levels left

rFire   . . .      SeeInvis .   b - +3 scimitar (flame)
rCold   . . .      Faith    .   (no shield)
rNeg    . . .      Spirit   .   H - +0 acid dragon scales
rPois   .          Reflect  .   m - +2 helmet
rElec   .          Harm     .   N - +2 cloak
rCorr   +          Rampage  .   G - +0 pair of gloves
Will    +....      NoTele   +   e - +1 pair of boots
Stlth   ++++......              (no amulet)
HPRegen 0.25/turn               j - ring of willpower
MPRegen 0.19/turn               (no ring)

@: freezing walls, very slow
A: fangs 1, strong nose, distributed training
a: Renounce Religion, Bend Time, Temporal Distortion, Slouch, Step From Time


You were in a Gauntlet.
You worshipped Cheibriados.
Cheibriados was extremely pleased with you.
You visited 3 branches of the dungeon, and saw 14 of its levels.
You also visited: Bailey and Gauntlet.

You collected 769 gold pieces.

Inventory:

Hand Weapons
 a - a +2 hunting sling of flaming
 b - a +3 scimitar of flaming (weapon)
Missiles
 d - 31 poisoned darts
 y - 20 boomerangs
 K - 23 javelins
 O - 3 silver boomerangs
Armour
 e - a +1 pair of boots (worn)
 m - a +2 helmet (worn)
 w - the +3 chain mail of the Elephant {Slay+2}
   (You found it on level 4 of the Dungeon)

   Slay:      It affects your accuracy & damage with ranged weapons and melee
   (+2).
 G - a +0 pair of gloves (worn)
 H - +0 acid dragon scales (worn)
 N - a +2 cloak (worn)
 S - a +0 hat of see invisible
Jewellery
 j - a ring of willpower (left hand)
 I - a ring of fire
Wands
 x - a wand of paralysis (6)
 F - a wand of iceblast (10)
 M - a wand of polymorph (10)
 Q - a wand of flame (6)
Scrolls
 f - 2 scrolls of enchant armour
 l - 4 scrolls of teleportation
 o - a scroll of blinking
 s - 3 scrolls of poison
 u - a scroll of fear
 L - 3 scrolls of enchant weapon
 P - 2 scrolls of silence
Potions
 g - a potion of cancellation
 i - 2 potions of ambrosia
 k - 3 potions of brilliance
 n - a potion of magic
 q - 3 potions of mutation
 r - 4 potions of heal wounds
 t - a potion of might {unknown}
 A - 2 potions of curing
 B - 2 potions of flight {unknown}
 C - 2 potions of haste {unknown}
 E - a potion of invisibility
Miscellaneous
 D - a phantom mirror (inert)


   Skills:
 + Level 9.1 Fighting
 + Level 7.8 Short Blades
 + Level 7.8 Long Blades
 + Level 7.8 Axes
 + Level 7.8 Maces & Flails
 + Level 7.8 Polearms
 + Level 7.8 Staves
 + Level 7.8 Slings
 + Level 7.8 Bows
 + Level 7.8 Crossbows
 + Level 8.3 Throwing
 + Level 8.3 Armour
 + Level 9.1 Dodging
 + Level 7.8 Stealth
 + Level 7.8 Shields
 + Level 9.1 Unarmed Combat
 + Level 9.3 Spellcasting
 + Level 6.5 Conjurations
 + Level 6.5 Hexes
 + Level 6.5 Summonings
 + Level 6.5 Necromancy
 + Level 8.6 Translocations
 + Level 6.5 Transmutations
 + Level 6.5 Fire Magic
 + Level 6.5 Ice Magic
 + Level 6.5 Air Magic
 + Level 6.5 Earth Magic
 + Level 6.5 Poison Magic
 + Level 8.5 Invocations
 + Level 7.8 Evocations


You had 13 spell levels left.
You knew the following spells:

 Your Spells              Type           Power      Damage    Failure   Level
a - Sandblast             Erth           100%       2d20      1%          1
b - Blink                 Tloc           100%       N/A       1%          2
c - Stone Arrow           Conj/Erth      100%       3d13      1%          3
d - Passwall              Tmut/Erth      45%        N/A       1%          2
e - Frozen Ramparts       Ice            100%       1d12      1%          3
f - Borgnjor's Vile Clut  Necr/Erth      27%        N/A       8%          5

Your spell library contained the following spells:

 Spells                   Type           Power      Damage    Failure   Level
 Apportation              Tloc           100%       N/A       1%          1
 Beastly Appendage        Tmut           100%       N/A       1%          1
 Necrotize                Necr           100%       1d9       1%          1
 Sting                    Tmut/Pois      100%       1d8       1%          1
 Summon Small Mammal      Summ           100%       N/A       1%          1
 Poisonous Vapours        Pois/Air       100%       N/A       1%          2
 Static Discharge         Conj/Air       54%        N/A       1%          2
 Sublimation of Blood     Necr           54%        N/A       1%          2
 Wereblood                Tmut           54%        N/A       1%          2
 Gell's Gravitas          Tloc           63%        N/A       1%          3
 Lesser Beckoning         Tloc           63%        N/A       1%          3
 Spider Form              Tmut/Pois      54%        N/A       1%          3
 Teleport Other           Tloc           63%        N/A       1%          3
 Animate Armour           Summ/Erth      100%       N/A       2%          4
 Animate Dead             Necr           54%        N/A       2%          4
 Dispel Undead            Necr           54%        3d20      2%          4
 Ice Form                 Ice/Tmut       54%        N/A       2%          4
 Olgreb's Toxic Radiance  Pois           54%        N/A       2%          4
 Sticky Flame             Conj/Fire      54%        2d7       2%          4
 Summon Ice Beast         Ice/Summ       54%        N/A       2%          4
 Manifold Assault         Tloc           63%        N/A       3%          5
 Blade Hands              Tmut           27%        N/A       8%          5
 Lightning Bolt           Conj/Air       27%        1d43      8%          5
 Summon Mana Viper        Hex/Summ       54%        N/A       8%          5
 Dispersal                Tloc           31%        N/A       17%         6
 Death Channel            Necr           27%        N/A       38%         6
 Iron Shot                Conj/Erth      27%        9d6       38%         6
 Monstrous Menagerie      Summ           27%        N/A       92%         7
 Summon Hydra             Summ           27%        N/A       92%         7
 Maxwell's Capacitive Co  Air            27%        ∞         100%        8


Dungeon Overview and Level Annotations

Branches:
Dungeon (10/15)            Temple (1/1) D:4            Lair (3/6) D:10
  Swamp (0/4) Lair:2       Spider (0/4) Lair:3          Orc (0/2) D:9
 Bailey (visited)         Gauntlet (1/1)

Altars:
Ashenzari
Cheibriados
Dithmenos
Elyvilon
Fedhas
Gozag
Hepliaklqana
Kikubaaqudgha
Makhleb
Nemelex Xobeh
Okawaru
Qazlal
Ru
Sif Muna
Trog
Uskayaw
Vehumet
Wu Jian
Xom
Yredelemnul
Zin
The Shining One
Lugonu

Portals:
Abyss: D:5

Annotations:
D:5 2 runed translucent doors
D:10 exclusion: boulder beetle Gauntlet 11 transporters, exclusion: oklob plant


Innate Abilities, Weirdness & Mutations

You have very sharp teeth.
Your uncanny sense of smell can sniff out nearby items.
Your experience applies equally to all skills.


Message History

The tyrant leech draws strength from your injuries!
The wall freezes the swamp worm.
The swamp worm bites you.
The wall freezes the swamp worm.
The swamp worm bites you but does no damage.
Casting: Frozen Ramparts (safe; 1% risk of failure)
Confirm with . or Enter, or press ? or * to list all spells.
Aiming: Borgnjor's Vile Clutch (dangerous; 8% risk of failure)
Press: ? - help, Shift-Dir - straight line, f - tyrant leech
Aim: a tyrant leech (lightly wounded, 100% to hit)
Zombie hands grab the tyrant leech.
The zombie hands constrict the tyrant leech.
The swamp worm misses you.
The wall freezes the swamp worm!
The swamp worm barely misses you.
The wall freezes the swamp worm!
The swamp worm bites you!
The wall freezes the tyrant leech!
The tyrant leech bites you but does no damage.
You hit the tyrant leech. You burn the tyrant leech.
The tyrant leech is heavily wounded.
The zombie hands constrict the tyrant leech!
The swamp worm bites you.
The wall freezes the swamp worm.
The swamp worm misses you.
The wall freezes the swamp worm.
The swamp worm bites you!
* * * LOW HITPOINT WARNING * * *
The wall freezes the tyrant leech!
The tyrant leech closely misses you. The swamp worm misses you.
You slash the tyrant leech! You burn the tyrant leech.
You punch the tyrant leech.
You kill the tyrant leech!
Cheibriados thoroughly appreciates the change of pace.
The wall freezes the swamp worm.
The swamp worm misses you.
The wall freezes the swamp worm!
The swamp worm closely misses you. The swamp worm misses you.
You slice the swamp worm!! You burn the swamp worm.
You kill the swamp worm!
Cheibriados thoroughly appreciates the change of pace.
The wall freezes the swamp worm.
The swamp worm bites you but does no damage.
The swamp worm bites you!!
* * * LOW HITPOINT WARNING * * *
The wall freezes the swamp worm.
The swamp worm bites you!
You die...

#8# #8# #8# #8# #8# #8# #8
###########################
###≈............≈∩≈..........
#8#.......§.............©....
###..###########...##########
#..#.........#...#.....##..
###..#..##.##..#.∩.#5.###.##?
#8#..#.##..w##.#...#5##.##.#[
###..#.#....@#.#...#.#.#.#.#.
#..#....©w...#...#.#5#©#.#.
###..#.#.....#.#...#.#.#.#.#.
#8#..#.##...##.#...#.#.##.##.
###..#w.##.##..#...#.##.###..
#..#ww(!©."..#...##5##5....
###..###########...##########
#8#.....#.©.#....≈...........
###...8.#...#...≈8≈.§........


You could see 2 swamp worms.

Vanquished Creatures
  Gastronok (Lair:2)
  A boulder beetle (Lair:3)
  A hydra (Lair:2)
  A centaur warrior (D:9)
  Erica (D:10)
  A two-headed ogre (D:9)
  4 elephants (Lair:3)
  Joseph (D:7)
  2 black mambas
  Maurice (D:10)
  5 cane toads
  A kobold demonologist (D:7)
  A troll (D:9)
  A tyrant leech (Gauntlet)
  3 hornets
  3 shadows
  Sigmund (D:3)
  3 wyverns
  12 yaks
  A steam dragon (Lair:2)
  Grum (D:10)
  4 wargs (D:9)
  Menkaure (D:4)
  3 swamp worms
  Edmund (D:5)
  2 acid dragons
  3 sky beasts
  15 orc warriors
  6 water moccasins
  3 ice beasts
  4 black bears
  9 wolves
  2 phantoms
  9 centaurs (Bailey)
  3 kobold brigands
  A necrophage (D:5)
  3 bullfrogs
  3 gnoll sergeants
  3 scorpions
  12 wights
  16 killer bees
  2 howler monkeys
  An electric eel (Lair:1)
  8 orc priests
  3 hounds
  4 jellies
  2 gnoll shamans (D:9)
  Crazy Yiuf (D:3)
  4 iguanas
  16 orc wizards
  Robin (D:4)
  21 gnolls
  7 adders
  A shadow imp (D:6)
  An ufetubus (D:6)
  A worm (D:2)
  2 dart slugs
  57 orcs
  6 bats
  3 endoplasms
  3 giant cockroaches
  14 goblins
  11 hobgoblins
  10 jackals
  5 quokkas
  6 ball pythons
  6 frilled lizards
  25 kobolds
  7 rats
377 creatures vanquished.

Vanquished Creatures (collateral kills)
  2 tyrant leeches (Lair:2)
2 creatures vanquished.

Vanquished Creatures (others)
  8 fungi
  11 plants
19 creatures vanquished.

Grand Total: 398 creatures vanquished

Notes
Turn   | Place    | Note
-------+----------+-------------------------------------------
     0 | D:1      | frimble the Gnoll Warper began the quest for the Orb.
     0 | D:1      | Reached XP level 1. HP: 20/20 MP: 6/6
   173 | D:1      | Learned a level 1 spell: Sandblast
   241 | D:1      | Reached XP level 2. HP: 26/26 MP: 7/7
   773 | D:1      | Reached XP level 3. HP: 23/31 MP: 9/9
   775 | D:1      | Reached skill level 5 in Spellcasting
   907 | D:1      | Reached skill level 1 in Invocations
   973 | D:1      | Found a faded altar of an unknown god.
  1671 | D:2      | Reached skill level 1 in Short Blades
  1671 | D:2      | Reached skill level 1 in Long Blades
  1671 | D:2      | Reached skill level 1 in Axes
  1671 | D:2      | Reached skill level 1 in Maces & Flails
  1671 | D:2      | Reached skill level 1 in Polearms
  1671 | D:2      | Reached skill level 1 in Staves
  1671 | D:2      | Reached skill level 1 in Slings
  1671 | D:2      | Reached skill level 1 in Bows
  1671 | D:2      | Reached skill level 1 in Crossbows
  1671 | D:2      | Reached skill level 1 in Stealth
  1671 | D:2      | Reached skill level 1 in Shields
  1671 | D:2      | Reached skill level 1 in Evocations
  1671 | D:2      | Reached XP level 4. HP: 38/38 MP: 7/11
  2339 | D:2      | Learned a level 2 spell: Blink
  2346 | D:2      | Reached skill level 1 in Conjurations
  2346 | D:2      | Reached skill level 1 in Hexes
  2346 | D:2      | Reached skill level 1 in Summonings
  2346 | D:2      | Reached skill level 1 in Necromancy
  2346 | D:2      | Reached skill level 1 in Transmutations
  2346 | D:2      | Reached skill level 1 in Fire Magic
  2346 | D:2      | Reached skill level 1 in Ice Magic
  2346 | D:2      | Reached skill level 1 in Air Magic
  2346 | D:2      | Reached skill level 1 in Earth Magic
  2346 | D:2      | Reached skill level 1 in Poison Magic
  2359 | D:2      | Reached XP level 5. HP: 16/43 MP: 0/12
  2561 | D:2      | Found a radiant altar of Vehumet.
  3337 | D:3      | Found a runed translucent door.
  3338 | D:3      | Noticed Crazy Yiuf
  4013 | D:3      | Noticed Sigmund
  4019 | D:3      | Learned a level 3 spell: Stone Arrow
  4043 | D:3      | Killed Sigmund
  4044 | D:3      | Reached skill level 5 in Fighting
  4044 | D:3      | Reached skill level 5 in Dodging
  4044 | D:3      | Reached skill level 5 in Unarmed Combat
  4044 | D:3      | Reached XP level 6. HP: 27/51 MP: 2/14
  4328 | D:3      | Killed Crazy Yiuf
  4500 | D:4      | Reached XP level 7. HP: 56/56 MP: 12/15
  5006 | D:4      | You fall into a shaft and drop 2 floors!
  5284 | D:5      | Entered Level 5 of the Dungeon
  5359 | D:5      | Noticed Edmund
  5385 | D:5      | Killed Edmund
  5386 | D:5      | Reached XP level 8. HP: 37/63 MP: 10/16
  5557 | D:5      | Found a one-way gate to the infinite horrors of the Abyss.
  5961 | D:4      | Noticed Menkaure
  5969 | D:4      | Killed Menkaure
  6011 | D:4      | Noticed Robin
  6021 | D:4      | Killed Robin
  6067 | D:4      | Found a staircase to the Ecumenical Temple.
  6306 | D:4      | Identified the +3 chain mail of the Elephant {Slay+2}
  6361 | Temple   | Entered the Ecumenical Temple
  6795 | D:5      | Found a snail-covered altar of Cheibriados.
  7151 | D:5      | Found a large runed translucent door.
  7151 | D:5      | Found a large runed translucent door.
  7152 | D:5      | Found a corrupted altar of Lugonu.
  7911 | D:5      | Became a worshipper of Cheibriados the Contemplative
  7971 | D:6      | Reached XP level 9. HP: 10/69 MP: 10/18
  8610 | D:6      | Learned a level 2 spell: Passwall
  8765 | D:6      | Reached skill level 5 in Throwing
  8765 | D:6      | Reached skill level 5 in Armour
  9027 | D:6      | Learned a level 3 spell: Frozen Ramparts
  9211 | D:6      | Reached * piety under Cheibriados
  9413 | D:7      | Noticed a kobold demonologist
  9596 | D:7      | Noticed a hornet
  9600 | D:7      | Killed a hornet
  9601 | D:7      | Reached skill level 5 in Invocations
  9702 | D:7      | Killed a kobold demonologist
  9748 | D:7      | Reached XP level 10. HP: 33/77 MP: 11/20
  9777 | D:7      | Noticed Joseph
  9993 | D:7      | Killed Joseph
  9994 | D:7      | Reached skill level 5 in Short Blades
  9994 | D:7      | Reached skill level 5 in Long Blades
  9994 | D:7      | Reached skill level 5 in Axes
  9994 | D:7      | Reached skill level 5 in Maces & Flails
  9994 | D:7      | Reached skill level 5 in Polearms
  9994 | D:7      | Reached skill level 5 in Staves
  9994 | D:7      | Reached skill level 5 in Slings
  9994 | D:7      | Reached skill level 5 in Bows
  9994 | D:7      | Reached skill level 5 in Crossbows
  9994 | D:7      | Reached skill level 5 in Stealth
  9994 | D:7      | Reached skill level 5 in Shields
  9994 | D:7      | Reached skill level 5 in Evocations
 11176 | D:8      | Reached ** piety under Cheibriados
 12736 | D:9      | Reached XP level 11. HP: 77/84 MP: 18/22
 12741 | D:9      | Reached *** piety under Cheibriados
 13204 | D:9      | Found a staircase to the Orcish Mines.
 13222 | D:9      | Reached skill level 5 in Conjurations
 13222 | D:9      | Reached skill level 5 in Hexes
 13222 | D:9      | Reached skill level 5 in Summonings
 13222 | D:9      | Reached skill level 5 in Necromancy
 13222 | D:9      | Reached skill level 5 in Transmutations
 13222 | D:9      | Reached skill level 5 in Fire Magic
 13222 | D:9      | Reached skill level 5 in Ice Magic
 13222 | D:9      | Reached skill level 5 in Air Magic
 13222 | D:9      | Reached skill level 5 in Earth Magic
 13222 | D:9      | Reached skill level 5 in Poison Magic
 13432 | D:9      | Reached **** piety under Cheibriados
 13918 | D:9      | Noticed a centaur warrior
 13931 | D:9      | Killed a centaur warrior
 14192 | D:9      | Noticed a two-headed ogre
 14202 | D:9      | Killed a two-headed ogre
 15086 | D:10     | Entered Level 10 of the Dungeon
 15086 | D:10     | Noticed Erica
 15099 | D:10     | Killed Erica
 15186 | D:10     | Noticed Grum
 15189 | D:10     | Killed Grum
 15222 | D:10     | Noticed a boulder beetle
 15277 | D:10     | Found a flagged portal.
 15359 | D:10     | Reached ***** piety under Cheibriados
 15373 | Bailey   | Entered a bailey
 16276 | Bailey   | Reached XP level 12. HP: 85/94 MP: 0/24
 16757 | D:10     | Noticed Maurice
 16767 | D:10     | Killed Maurice
 16916 | D:10     | Found a staircase to the Lair.
 17413 | Lair:1   | Entered Level 1 of the Lair of Beasts
 17460 | Lair:1   | Learned a level 5 spell: Borgnjor's Vile Clutch
 17746 | Lair:1   | You fall into a shaft and drop 1 floor!
 18021 | Lair:2   | Noticed Gastronok
 18036 | Lair:2   | Killed Gastronok
 18467 | Lair:2   | Found a staircase to the Swamp.
 18904 | Lair:2   | Noticed a six-headed hydra
 18914 | Lair:2   | Killed a one-headed hydra
 19411 | Lair:3   | Found an ornate altar of the Wu Jian Council.
 19415 | Lair:3   | Noticed a boulder beetle
 19445 | Lair:3   | Killed a boulder beetle
 19464 | Lair:3   | Found a hide-covered altar of Uskayaw.
 19495 | Lair:3   | Found a gate leading to a gauntlet.
 19495 | Lair:3   | Noticed a six-headed hydra
 19498 | Gauntlet | Entered a Gauntlet
 19498 | Gauntlet | Found a transporter.
 19498 | Gauntlet | Found a transporter.
 19498 | Gauntlet | Found a transporter.
 19656 | Gauntlet | Noticed a soul eater
 19710 | Gauntlet | Found a transporter.
 19715 | Gauntlet | Noticed a quicksilver ooze
 19724 | Gauntlet | Found a transporter.
 19732 | Gauntlet | Found a transporter.
 19749 | Gauntlet | Found a transporter.
 19757 | Gauntlet | Found a transporter.
 19774 | Gauntlet | Found a transporter.
 19811 | Gauntlet | Found a transporter.
 19815 | Gauntlet | Found a transporter.
 19825 | Gauntlet | Found a transporter.
 19902 | Gauntlet | Slain by a swamp worm

Illustrated notes

Levels and vault maps discovered:
D:1:      matt_arrival_spirals, layout_rooms, dilly_ecumenical_altar_fadedgnrine
D:2:      layout_basic, basic_altar, hex_large, chequers_big_river,
          serial_bayou_lagoon_a, grunt_decor_junction
D:3:      layout_loops_ring, uniq_sigmund, uniq_crazy_yiuf_cottage
D:4:      layout_basic, minmay_temple_entry_junction_2, uniq_menkaure,
          uniq_robin
D:5:      due_chaos_kobolds, layout_loops_cross, lemuel_tele_altar, uniq_edmund
D:6:      layout_loops_ring
D:7:      layout_rooms, uniq_joseph
D:8:      layout_basic
D:9:      cheibrodos_barr_body, layout_cave_pods, minmay_orc_entry_guard_dogs
D:10:     layout_roguey, lair_entry_dummy, enter_bailey_8, uniq_maurice,
          uniq_erica, uniq_grum
Temple:   mainiacjoe_temple_trianglar_array
Lair:1:   layout_gridlike
Lair:2:   layout_roguey, minmay_swamp_entry_worms, minivault_11,
          nicolae_quartered_pool_super, grunt_megastairs_1, lemuel_fruit_fields,
          lemuel_fruit_tree, uniq_gastronok
Lair:3:   layout_loops_ring, spider_nest_entry_webs, gauntlet_entry_generic,
          nzn_masters_of_martial_movement, uniq_snorg
Gauntlet: gammafunk_gauntlet_shortcut [gammafunk_gauntlet_arena_split_diamond,
          gammafunk_gauntlet_arena_grid, gammafunk_gauntlet_arena_spirals,
          nicolae_gauntlet_arena_blocks, gammafunk_gauntlet_arena_teeth,
          nicolae_gauntlet_arena_quarters, dreamdust_gauntlet_exit_labyrinth]

Skill      XL: |  1  2  3  4  5  6  7  8  9 10 11 12 |
---------------+-------------------------------------+-----
Spellcasting   | 5 6 7 8 9 |  9.3
Invocations    | 1 2 3 4 5 6 7 8 |  8.5
Short Blades   | 1 2 3 4 5 6 7 |  7.8
Long Blades    | 1 2 3 4 5 6 7 |  7.8
Axes           | 1 2 3 4 5 6 7 |  7.8
Maces & Flails | 1 2 3 4 5 6 7 |  7.8
Polearms       | 1 2 3 4 5 6 7 |  7.8
Staves         | 1 2 3 4 5 6 7 |  7.8
Slings         | 1 2 3 4 5 6 7 |  7.8
Bows           | 1 2 3 4 5 6 7 |  7.8
Crossbows      | 1 2 3 4 5 6 7 |  7.8
Stealth        | 1 2 3 4 5 6 7 |  7.8
Shields        | 1 2 3 4 5 6 7 |  7.8
Evocations     | 1 2 3 4 5 6 7 |  7.8
Conjurations   | 1 2 3 4 5 6 |  6.5
Hexes          | 1 2 3 4 5 6 |  6.5
Summonings     | 1 2 3 4 5 6 |  6.5
Necromancy     | 1 2 3 4 5 6 |  6.5
Transmutations | 1 2 3 4 5 6 |  6.5
Fire Magic     | 1 2 3 4 5 6 |  6.5
Ice Magic      | 1 2 3 4 5 6 |  6.5
Air Magic      | 1 2 3 4 5 6 |  6.5
Earth Magic    | 1 2 3 4 5 6 |  6.5
Poison Magic   | 1 2 3 4 5 6 |  6.5
Throwing       | 3 4 5 6 7 8 |  8.3
Armour         | 3 4 5 6 7 8 |  8.3
Fighting       | 5 6 7 8 9 |  9.1
Dodging        | 5 6 7 8 9 |  9.1
Unarmed Combat | 5 6 7 8 9 |  9.1
Translocations | 6 7 8 |  8.6

Action                   |  1- 3 |  4- 6 |  7- 9 | 10-12 || total
-------------------------+-------+-------+-------+-------++-------
Melee: Unarmed           |   134 |   130 |   103 |    14 ||   381
       Bite              |    16 |    10 |    41 |    71 ||   138
       Punch             |     3 |     2 |    20 |    32 ||    57
       Flail             |       |       |   244 |   244 ||   488
       Rapier            |       |       |    42 |    11 ||    53
       Scimitar          |       |       |       |   217 ||   217
 Fire: Hunting sling     |       |       |       |    71 ||    71
Throw: Dart              |     7 |     9 |    10 |       ||    26
       Boomerang         |     4 |       |       |       ||     4
       Throwing net      |       |       |     1 |       ||     1
 Cast: Sandblast         |     3 |    38 |    37 |       ||    78
       Blink             |       |     1 |     7 |    10 ||    18
       Stone Arrow       |       |     2 |    13 |    47 ||    62
       Frozen Ramparts   |       |       |     1 |    26 ||    27
       Passwall          |       |       |       |    24 ||    24
       Borgnjor's Vile C |       |       |       |     5 ||     5
Evoke: Wand              |       |       |     9 |     8 ||    17
       Phantom mirror    |       |       |       |     1 ||     1
  Use: Scroll            |     1 |     7 |     4 |     7 ||    19
       Potion            |       |       |     4 |     3 ||     7
 Stab: Sleeping          |       |       |     2 |    19 ||    21
       Distracted        |       |       |     1 |     1 ||     2
Armor: Leather armour    |    73 |    69 |   263 |    28 ||   433
       Acid dragon scale |       |       |       |   228 ||   228
Dodge: Dodged            |   103 |   116 |   343 |   610 ||  1172

Table legend: (Time is in decaauts)
 A = Elapsed time spent in this place.
 B = Non-inter-level travel time spent in this place.
 C = Inter-level travel time spent in this place.
 D = Time resting spent in this place.
 E = Time spent auto-exploring this place.
 F = Levels seen in this place.
 G = Mean time per level.
                   A        B        C        D        E       F      G
               +--------+--------+--------+--------+--------+-----+--------+
         Total |  23655 |  22419 |   1236 |   1250 |  16863 |  16 | 1478.4 |
       Dungeon |  17961 |  16780 |   1181 |    342 |  13373 |  10 | 1796.1 |
        Temple |    373 |    362 |     11 |      0 |    362 |   1 |  373.0 |
          Lair |   2892 |   2850 |     42 |    645 |   1735 |   3 |  964.0 |
        Bailey |   1831 |   1831 |      0 |    263 |    883 |   1 | 1831.0 |
      Gauntlet |    597 |    597 |      0 |      0 |    508 |   1 |  597.0 |
               +--------+--------+--------+--------+--------+-----+--------+

Top non-repeatable levels by time:
     D:9: 3184 daAuts
     D:5: 2303 daAuts
  Lair:2: 2282 daAuts
     D:6: 1955 daAuts
  Bailey: 1831 daAuts
     D:1: 1778 daAuts
     D:8: 1687 daAuts
    D:10: 1673 daAuts
     D:7: 1652 daAuts
     D:3: 1395 daAuts
     D:2: 1257 daAuts
     D:4: 1071 daAuts
Gauntlet: 597 daAuts
  Lair:1: 487 daAuts
  Temple: 373 daAuts
